 Dungeon Crawl Stone Soup version 0.19.0-20-gbc5f0c6 (webtiles) character file.

570 toast the Chopper (level 7, -2/61 HPs)
             Began as a Minotaur Fighter on Nov 17, 2016.
             Slain by a sky beast (5 damage)
             ... on level 5 of the Dungeon.
             The game lasted 00:07:32 (2938 turns).

toast the Chopper (Minotaur Fighter)                Turns: 2938, Time: 00:07:33

Health: -2/61      AC:  8    Str: 22    XL:     7   Next: 11%
Magic:  0/6        EV:  8    Int:  5    God:
Gold:   221        SH: 10    Dex: 10    Spells: 1 memorised, 4 levels left

rFire  . . .     SeeInvis .     a - +0 war axe
rCold  . . .     Gourm    .     b - +0 scale mail
rNeg   . . .     Faith    .     c - +0 shield
rPois  .         Spirit   +     (helmet restricted)
rElec  .         Reflect  .     s - +0 cloak
rCorr  .         Harm     .     (no gloves)
MR     .....                    (no boots)
Stlth  ..........               k - amulet of guardian spirit
                                (no ring)
                                (no ring)

@: no status effects
A: retaliatory headbutt, horns 2
a: no special abilities


You were on level 5 of the Dungeon.
You were not hungry.

You visited 1 branch of the dungeon, and saw 5 of its levels.

You collected 221 gold pieces.

Inventory:

Hand Weapons
 a - a +0 war axe (weapon)
Armour
 b - a +0 scale mail (worn)
 c - a +0 shield (worn)
 s - a +0 cloak (worn)
Jewellery
 k - an amulet of guardian spirit (around neck)
 p - a +5 amulet of reflection {unknown}
Wands
 r - a wand of flame (48/48)
 u - a wand of digging (12/24)
Scrolls
 e - a scroll of amnesia
 i - 3 scrolls of identify
 n - 3 scrolls of remove curse
 w - a scroll of blinking
 y - a scroll of teleportation {unknown}
Potions
 d - a potion of might
 h - 4 potions of heal wounds {unknown}
 t - a potion of curing
 v - a potion of lignification {unknown}
Books
 l - a book of Minor Magic

   Spells                             Type                      Level
   a - Magic Dart                     Conjuration                  1
   b - Blink                          Translocation                2
   c - Call Imp                       Summoning                    2
   d - Repel Missiles                 Charms/Air                   2
   e - Slow                           Hexes                        2
   f - Conjure Flame                  Conjuration/Fire             3
   g - Mephitic Cloud                 Conjuration/Poison/Air       3
 m - Kikubaaqudgha's Disquisition on Black Rituals
   (Kikubaaqudgha gifted it to you on level 2 of the Dungeon)

   Spells                             Type                      Level
   a - Pain                           Necromancy                   1
   b - Corpse Rot                     Necromancy                   2
   c - Sublimation of Blood           Necromancy                   2
   d - Vampiric Draining              Necromancy                   3
   e - Control Undead                 Necromancy                   4
 o - a book of Misfortune

   Spells                             Type                      Level
   a - Confusing Touch                Hexes                        1
   b - Confuse                        Hexes                        3
   c - Gell's Gravitas                Hexes/Translocation          3
   d - Petrify                        Transmutation/Earth          4
   e - Metabolic Englaciation         Hexes/Ice                    5
   f - Yara's Violent Unravelling     Hexes/Transmutation          5
Comestibles
 f - 5 bread rations
 g - 2 beef jerkies
 j - a slice of pizza
 q - a meat ration
 x - 6 chunks of flesh


   Skills:
 + Level 5.6 Fighting
 * Level 5.9 Axes
 + Level 5.3 Armour
 - Level 0.4 Dodging
 + Level 5.5 Shields


You had 4 spell levels left.
You knew the following spells:

 Your Spells              Type           Power        Failure   Level  Hunger
a - Blink                 Tloc           N/A          100%        2    ###....


Dungeon Overview and Level Annotations

Branches:
Dungeon (5/15)
 Temple: D:4-7

Altars:
Kikubaaqudgha
Ru

Shops:
D:4 [


Innate Abilities, Weirdness & Mutations

You reflexively headbutt those who attack you in melee.
You have a pair of horns on your head.


Message History

* * * LOW HITPOINT WARNING * * *
The sky beast shocks you.
* * * LOW HITPOINT WARNING * * *
You hit the sky beast. Your headbutt misses the sky beast.
The sky beast is moderately wounded.
The sky beast hits you but does no damage.
You hit the sky beast. Your headbutt misses the sky beast.
The sky beast is moderately wounded.
The sky beast hits you.
* * * LOW HITPOINT WARNING * * *
The sky beast shocks you.
* * * LOW HITPOINT WARNING * * *
You block the sky beast's attack.
The sky beast hits you but does no damage.
You climb downwards.
There is a stone staircase leading up here.
The sky beast hits you.
* * * LOW HITPOINT WARNING * * *
The sky beast shocks you.
You die...

..#.#.#.# #.#.#.#.# #
#.#.#.#.# # #.
#.#.#.#.# .#
#.#..#.#.#.#.####.####
.....................#
##.....###.##.#.##.#
###.###.#....#
.....#<#@#..#
###.#.#.#Y#..#
#.#.#(#.#### #.#.#.#.#
#.#.#.#.# ..#.))).#
#..)(.# #...........
##....######


You could see a sky beast.

Vanquished Creatures
  A phantom (D:4)
  An ogre (D:4)
  Blork the orc (D:4)
  A hound (D:4)
  Crazy Yiuf (D:3)
  An orc wizard (D:4)
  A worker ant (D:4)
  A worker ant zombie (D:5)
  Robin (D:2)
  3 adders (D:4)
  4 gnolls (D:5)
  2 howler monkey skeletons (D:4)
  4 worms
  4 dart slugs
  A leopard gecko (D:4)
  4 orcs
  5 bats
  3 giant cockroaches
  16 goblins
  9 hobgoblins
  4 jackals
  2 quokkas
  3 frilled lizards
  13 kobolds
  11 rats
  A fungus (D:3)
98 creatures vanquished.

Notes
Turn   | Place    | Note
-------+----------+-------------------------------------------
     0 | D:1      | toast the Minotaur Fighter began the quest for the Orb.
     0 | D:1      | Reached XP level 1. HP: 19/19 MP: 0/0
   121 | D:1      | Reached XP level 2. HP: 23/27 MP: 1/1
   432 | D:1      | Reached XP level 3. HP: 30/33 MP: 2/2
   627 | D:2      | Noticed Robin
   654 | D:2      | Killed Robin
   981 | D:2      | Reached XP level 4. HP: 30/40 MP: 0/3
   994 | D:2      | Found a faded altar of an unknown god.
  1013 | D:2      | Became a worshipper of Kikubaaqudgha
  1013 | D:2      | Reached * piety under Kikubaaqudgha
  1013 | D:2      | Identified Kikubaaqudgha's Disquisition on Black Rituals (Kikubaaqudgha gifted it to you on level 2 of the Dungeon)
  1013 | D:2      | Received a gift from Kikubaaqudgha
  1014 | D:2      | Fell from the grace of Kikubaaqudgha
  1456 | D:3      | Found a runed door.
  1460 | D:3      | Noticed Crazy Yiuf
  1465 | D:3      | Killed Crazy Yiuf
  1559 | D:3      | Found a sacrificial altar of Ru.
  1872 | D:4      | Noticed an ogre
  1877 | D:4      | Killed an ogre
  1877 | D:4      | Reached XP level 5. HP: 12/47 MP: 1/4
  2128 | D:4      | Noticed Blork the orc
  2139 | D:4      | Killed Blork the orc
  2139 | D:4      | Reached skill level 5 in Fighting
  2139 | D:4      | Reached skill level 5 in Axes
  2139 | D:4      | Reached XP level 6. HP: 39/56 MP: 5/5
  2164 | D:4      | Found Susuixac's Antique Armour Shoppe.
  2221 | D:4      | Reached skill level 5 in Shields
  2268 | D:4      | Reached skill level 5 in Armour
  2646 | D:4      | Reached XP level 7. HP: 60/61 MP: 6/6
  2798 | D:4      | Learned a level 2 spell: Blink
  2815 | D:5      | Entered Level 5 of the Dungeon
  2935 | D:4      | HP: 3/61 [sky beast (4)]
  2938 | D:5      | Slain by a sky beast

Skill      XL: |  1  2  3  4  5  6 |
---------------+-------------------+-----
Shields        | 4 5 |  5.5
Fighting       | 4 5 |  5.6
Axes           | 3 4 5 |  5.9
Armour         | 4 5 |  5.3
Dodging        | |  0.4

Action                   |  1- 3 |  4- 6 |  7- 9 || total
-------------------------+-------+-------+-------++-------
Melee: War axe           |   112 |   136 |    30 ||   278
       Headbutt          |    11 |    19 |     4 ||    34
Invok: Renounce Religion |       |     1 |       ||     1
  Use: Scroll            |     6 |     4 |       ||    10
  Eat: Chunk             |     1 |     5 |     1 ||     7
Armor: Scale mail        |    54 |    42 |    18 ||   114
Dodge: Dodged            |    37 |    36 |    13 ||    86
Block: Shield            |    59 |    65 |    14 ||   138
